 Dungeon Crawl Stone Soup version 0.21.1-1-g345015fe64 (webtiles) character file.

217 Carigen the Vandal (level 5, 0/41 HPs)
             Began as a Centaur Arcane Marksman on July 4, 2018.
             Was an Initiate of Makhleb.
             Slain by an orc wizard
             ... wielding a +0 dagger
              (2 damage)
             ... on level 3 of the Dungeon.
             The game lasted 00:25:56 (2476 turns).

Carigen the Vandal (Centaur Arcane Marksman)        Turns: 2476, Time: 00:25:57

Health: 0/41       AC:  4    Str: 13    XL:     5   Next: 61%
Magic:  6/6        EV:  9    Int: 12    God:    Makhleb [......]
Gold:   100        SH:  0    Dex: 10    Spells: 0/6 levels left

rFire    . . .     SeeInvis .   i - +0 short sword
rCold    . . .     Gourm    .   (no shield)
rNeg     . . .     Faith    .   s - +0 leather armour
rPois    .         Spirit   .   (no helmet)
rElec    .         Reflect  .   (no cloak)
rCorr    .         Harm     .   (no gloves)
MR       .....                  (no barding)
Stlth    ..........             (no amulet)
HPRegen  0.13/turn              (no ring)
MPRegen  0.10/turn              (no ring)

@: slowed
A: large, hooves 3, deformed body, speed 2, tough skin 3
a: Renounce Religion


You were on level 3 of the Dungeon.
You worshipped Makhleb.
Makhleb was noncommittal.
You were hungry.

You visited 1 branch of the dungeon, and saw 3 of its levels.

You collected 100 gold pieces.

Inventory:

Hand Weapons
 a - a +0 hunting sling
 i - a +0 short sword (weapon)
Missiles
 b - 92 stones (quivered)
 p - 41 bolts
Armour
 e - a +0 robe
 g - a +0 ring mail
 m - a +0 robe
 q - a +0 robe
 s - a +0 leather armour (worn)
 t - a +0 scale mail
Magical Staves
 w - an uncursed staff of air
Jewellery
 h - an uncursed ring of flight {unknown}
Potions
 l - a potion of brilliance
 r - a potion of degeneration {unknown}
 u - a potion of curing
 v - a potion of lignification {unknown}
Books
 c - a book of Debilitation

   Spells                             Type                      Level
   a - Corona                         Hexes                        1
   b - Slow                           Hexes                        2
   c - Inner Flame                    Hexes/Fire                   3
   d - Portal Projectile              Hexes/Translocation          3
   e - Cause Fear                     Hexes                        4
   f - Leda's Liquefaction            Hexes/Earth                  4
Comestibles
 d - 10 chunks of flesh
 f - 2 rations


   Skills:
 + Level 1.6 Fighting
 + Level 4.2(4.3) Slings
 + Level 1.1(2.9) Throwing
 + Level 1.5 Armour
 + Level 1.6 Dodging
 + Level 1.1 Spellcasting
 * Level 3.6 Hexes
 * Level 0.2 Invocations


You couldn't memorise any spells.
You knew the following spells:

 Your Spells              Type           Power        Failure   Level  Hunger
a - Corona                Hex            #......      9%          1    ##.....
b - Slow                  Hex            #.......     13%         2    ###....
c - Inner Flame           Hex/Fire       #.......     47%         3    ####...


Dungeon Overview and Level Annotations

Branches:
Dungeon (3/15)

Altars:
Makhleb
Uskayaw
Wu Jian


Innate Abilities, Weirdness & Mutations

You have hooves in place of feet.
Armour fits poorly on your strangely shaped body.
You cover ground very quickly.
You have extremely tough skin. (AC +3)


Message History

Press: ? - help, Shift-Dir - straight line, f/p - orc wizard
Aim: an orc wizard, wielding a dagger and wearing a robe (severely wounded, fast)
You throw a stone.
The stone hits the orc wizard but does no damage.
The orc wizard is severely wounded.
You are feeling hungry.
The orc wizard hits you with a dagger.
* * * LOW HITPOINT WARNING * * *
The orc wizard hits you with a dagger.
* * * LOW HITPOINT WARNING * * *
Throwing (i - inventory):
b - 93 stones (quivered)
Press: ? - help, Shift-Dir - straight line, f/p - orc wizard
Aim: an orc wizard, wielding a dagger and wearing a robe (severely wounded, fast)
You throw a stone.
The stone hits the orc wizard but does no damage.
The orc wizard is severely wounded.
The orc wizard hits you with a dagger.
* * * LOW HITPOINT WARNING * * *
The orc wizard hits you with a dagger.
You die...

####.........#
...'...(.(...+
####...(.(...# #
##.......## #
##.....## ##.((##
##)## ########.#
########## ......##.#
#....@o..#
#####.##.###.######.#
#####(#..(##.###
#..o......(.....
#(###.#...##.###
#.##.## # #.##.#
..##.# ####.#


You could see an orc wizard.

Vanquished Creatures
  A necrophage (D:2)
  An orc priest (D:3)
  5 adders
  2 worms (D:2)
  3 dart slugs
  A leopard gecko (D:1)
  3 orcs (D:3)
  3 giant cockroaches
  A goblin (D:1)
  6 hobgoblins
  6 bats
  2 frilled lizards (D:1)
  6 kobolds
  6 rats
46 creatures vanquished.

Notes
Turn   | Place    | Note
-------+----------+-------------------------------------------
     0 | D:1      | Carigen the Centaur Arcane Marksman began the quest for the Orb.
     0 | D:1      | Reached XP level 1. HP: 16/16 MP: 2/2
   210 | D:1      | Reached XP level 2. HP: 20/23 MP: 3/3
   575 | D:1      | Learned a level 2 spell: Slow
   928 | D:2      | Reached skill level 3 in Slings
   928 | D:2      | Reached XP level 3. HP: 26/28 MP: 4/4
  1232 | D:2      | Noticed a necrophage
  1394 | D:2      | Killed a necrophage
  1394 | D:2      | Reached skill level 4 in Slings
  1394 | D:2      | Reached skill level 1 in Throwing
  1394 | D:2      | Reached XP level 4. HP: 35/35 MP: 5/5
  1394 | D:2      | Reached XP level 5. HP: 40/40 MP: 6/6
  1401 | D:2      | Learned a level 3 spell: Inner Flame
  1785 | D:2      | Found a burning altar of Makhleb.
  1785 | D:2      | Noticed an Executioner
  1798 | D:2      | Noticed a smoke demon
  1798 | D:2      | Noticed a smoke demon
  1802 | D:2      | Became a worshipper of Makhleb the Destroyer
  1827 | D:2      | Found a hide-covered altar of Uskayaw.
  1827 | D:2      | Found an ornate altar of the Wu Jian Council.
  2433 | D:3      | Reached skill level 1 in Armour
  2476 | D:3      | HP: 2/41 [orc wizard/dagger (3)]
  2476 | D:3      | Slain by an orc wizard

Skill      XL: |  1  2  3  4  5 |
---------------+----------------+-----
Hexes          | 3 |  3.6
Slings         | 3 4 |  4.2
Throwing       | 1 |  1.1
Armour         | 1 |  1.5
Fighting       | |  1.6
Dodging        | |  1.6
Spellcasting   | |  1.1
Invocations    | |  0.2

Action                   |  1- 3 |  4- 6 || total
-------------------------+-------+-------++-------
Melee: Short sword       |    19 |    48 ||    67
       Kick              |     2 |     5 ||     7
 Fire: Hunting sling     |   109 |    24 ||   133
Throw: Stone             |    23 |    37 ||    60
 Cast: Corona            |     3 |       ||     3
       Slow              |     2 |     1 ||     3
  Use: Scroll            |     3 |     6 ||     9
       Potion            |     3 |     1 ||     4
  Eat: Chunk             |       |     3 ||     3
Armor: Robe              |     6 |       ||     6
       Leather armour    |    27 |    11 ||    38
Dodge: Dodged            |    48 |    25 ||    73
